 Dungeon Crawl Stone Soup version 0.31-a0-691-g409c26aa35 (webtiles) character file.

Game seed: 15709769212607081704

459 randomguy2701 the Chopper (level 7, -8/60 HPs)
             Began as a Hill Orc Fighter on Sept 6, 2023.
             Was an Initiate of Beogh.
             Mangled by a gnoll bouda
             ... wielding a +0 whip
              (9 damage)
             ... on level 5 of the Dungeon.
             The game lasted 00:06:03 (3474 turns).

randomguy2701 the Chopper (Hill Orc Fighter)        Turns: 3474, Time: 00:06:03

Health: -8/60      AC:  9    Str: 19    XL:     7   Next: 6%
Magic:  7/7        EV:  9    Int:  8    God:    Beogh [......]
Gold:   266        SH:  5    Dex: 12    Spells: 6/6 levels left

rFire   . . .        a - +0 war axe
rCold   . . .        c - +0 buckler
rNeg    + . .        b - +0 scale mail
rPois   .            j - +0 helmet
rElec   .            (no cloak)
rCorr   .            (no gloves)
SInv    .            k - +0 pair of boots
Will    .....        (no amulet) Stlth
                     h - ring of flight
HPRegen 0.30/turn    l - ring of positive energy
MPRegen 0.10/turn

%: no passive effects
@: weakened, flying
A: no striking features
a: Renounce Religion


You were on level 5 of the Dungeon.
You worshipped Beogh.
Beogh was noncommittal.
You visited 1 branch of the dungeon, and saw 5 of its levels.

You collected 266 gold pieces.

Inventory:

Hand Weapons
 a - a +0 war axe (weapon)
Armour
 b - a +0 scale mail (worn)
 c - a +0 buckler (worn)
 j - a +0 helmet (worn)
 k - a +0 pair of boots (worn)
Jewellery
 h - a ring of flight (left hand)
 l - a ring of positive energy (right hand)
Wands
 n - a wand of mindburst (18)
Scrolls
 d - a scroll of brand weapon
 e - 2 scrolls of fog
 g - 2 scrolls of identify
 i - 2 scrolls of vulnerability
 m - a scroll of revelation
 q - a scroll of acquirement
Potions
 f - a potion of heal wounds
 o - a potion of haste
 p - a potion of attraction
 r - a potion of brilliance {unknown}


   Skills:
 + Level 4.4 Fighting
 + Level 6.9 Axes
 + Level 5.2 Armour
 + Level 1.0 Dodging
 + Level 0.2 Stealth
 + Level 4.1 Shields


You had 6 spell levels left.
You didn't know any spells.
Your spell library contained the following spells:

 Spells                   Type           Power      Damage    Failure   Level
 Foxfire                  Conj/Fire      0%         2x1d4     83%         1
 Shock                    Conj/Air       0%         1d3       83%         1
 Wereblood                Tmut           0%         N/A       93%         2
 Swiftness                Air            0%         N/A       99%         3
 Airstrike                Air            0%         2d(0-16)  100%        4
 Irradiate                Conj/Tmut      0%         3d11      100%        5
 Plasma Beam              Fire/Air       0%         2x1d10    100%        6
 Starburst                Conj/Fire      0%         6d3       100%        6


Dungeon Overview and Level Annotations

Branches:
Dungeon (5/15)
 Temple: D:4-7

Altars:

Shops:
D:4 *!*[=

Annotations:
D:2 1 runed translucent door, Crazy Yiuf


Message History

You feel as though you will be weak longer.
You block the gnoll bouda's attack.
You slash the gnoll bouda!
The gnoll bouda is almost dead.
The gnoll bouda mumbles some strange prayers to its god.
The gnoll bouda is healed somewhat.
Okay, then.
You barely miss the gnoll bouda.
The gnoll bouda is severely wounded.
The gnoll bouda gazes fiercely through you!
You feel as though you will be weak longer.
The gnoll bouda barely misses you.
You hit the gnoll bouda.
The gnoll bouda is severely wounded.
The gnoll bouda gazes fiercely through you!
You feel as though you will be weak longer.
The gnoll bouda barely misses you.
The gnoll bouda hits you but does no damage.
You hit the gnoll bouda but do no damage.
The gnoll bouda is severely wounded.
The gnoll bouda hits you but does no damage.
You hit the gnoll bouda.
The gnoll bouda is almost dead.
The gnoll bouda gazes fiercely through you!
You feel as though you will be weak longer.
The gnoll bouda hits you with a +0 whip.
* * * LOW HITPOINT WARNING * * *
You hit the gnoll bouda but do no damage.
The gnoll bouda is almost dead.
The gnoll bouda closely misses you.
You hit the gnoll bouda.
The gnoll bouda is almost dead.
The gnoll bouda utters an invocation to its god.
The gnoll bouda is healed somewhat.
You hit the gnoll bouda but do no damage.
The gnoll bouda is severely wounded.
The gnoll bouda hits you with a +0 whip.
* * * LOW HITPOINT WARNING * * *
The gnoll bouda hits you with a +0 whip!
You die...

#.......## #.....#..##
##.....#...##### #####
#..............##
##.#..###...............#
.......#................# ###
.......................## ..##
........<.))...÷..##.g.... ...##
#......<@)........#...$.. ....#
#.......g.........#..##.. ...#
#.....÷............... . †.####
#.......###............ .....#
##..##.......##.........
.....#####.......................
......#..##.###....#....#.....
###....#.#####....## ..# .
#....#..##....#......


You could see a gnoll bouda.

Vanquished Creatures
  Sigmund (D:2)
  A hound (D:5)
  A jelly (D:4)
  2 iguanas
  Robin (D:2)
  5 gnolls
  An adder (D:4)
  A white imp (D:5)
  3 ufetubi (D:4)
  3 dart slugs
  4 endoplasms
  A giant cockroach (D:2)
  12 goblins
  7 hobgoblins
  3 quokkas
  5 ball pythons
  6 bats
  2 frilled lizards
  6 kobolds
  3 rats
68 creatures vanquished.

Vanquished Creatures (others)
  An orc wizard (D:3)
1 creature vanquished.

Grand Total: 69 creatures vanquished

Notes
Turn   | Place    | Note
-------+----------+-------------------------------------------
     0 | D:1      | randomguy2701 the Hill Orc Fighter began the quest for the
                  | Orb.
     0 | D:1      | Reached XP level 1. HP: 19/19 MP: 1/1
    69 | D:1      | Reached XP level 2. HP: 24/27 MP: 2/2
   319 | D:1      | Reached skill level 3 in Axes
   594 | D:2      | Reached XP level 3. HP: 33/33 MP: 3/3
   780 | D:2      | Noticed Robin
  1072 | D:2      | Killed Robin
  1148 | D:2      | Reached XP level 4. HP: 39/39 MP: 4/4
  1279 | D:2      | Noticed Sigmund
  1287 | D:2      | Killed Sigmund
  1288 | D:2      | Reached skill level 5 in Axes
  1288 | D:2      | Reached XP level 5. HP: 41/47 MP: 5/5
  1288 | D:2      | Reached XP level 6. HP: 46/53 MP: 6/6
  1857 | D:2      | Found a runed translucent door.
  1858 | D:2      | Noticed Crazy Yiuf
  2172 | D:3      | Became a worshipper of Beogh the Brigand
  2304 | D:3      | Found a faded altar of an unknown god.
  2555 | D:4      | Found Tetroowe's General Store.
  2580 | D:4      | Found Lavevaba's Antique Armour Emporium.
  2715 | D:4      | Reached skill level 1 in Dodging
  2735 | D:4      | Reached skill level 5 in Armour
  2825 | D:4      | Reached skill level 6 in Axes
  2874 | D:4      | Found Tirigh's Assorted Antiques.
  2951 | D:4      | Found Fiucvodufi's Distillery.
  3119 | D:4      | Found Peufuu's Jewellery Shoppe.
  3148 | D:5      | Entered Level 5 of the Dungeon
  3165 | D:5      | Identified a scroll of acquirement
  3372 | D:5      | Reached XP level 7. HP: 37/60 MP: 7/7
  3474 | D:5      | HP: 1/60 [gnoll bouda/+0 whip (6)]
  3474 | D:5      | Mangled by a gnoll bouda

Illustrated notes

Levels and vault maps discovered:
D:1:      tarquinn_simple_flora_water_e, layout_basic, minivault_24
D:2:      layout_basic, serial_glass, glass_columns_b, glass_columns_a,
          serial_bayou_pond_a, uniq_sigmund, uniq_crazy_yiuf_cottage, uniq_robin
D:3:      layout_rooms, hellmonk_ecumenical_altar_lost_god
D:4:      layout_cave_pools, serial_shops, kennysheep_mini, shop, shop,
          nicolae_shop_tiny_statue_garden, nicolae_shop_statue_plus,
          st_stairs_14, kennysheep_nondescript, kennysheep_generic_room_3
D:5:      layout_cave_pools

Skill      XL: |  1  2  3  4  5  6 |
---------------+-------------------+-----
Axes           | 3 5 6 |  6.9
Fighting       | 4 |  4.4
Armour         | 4 5 |  5.2
Shields        | 4 |  4.1
Dodging        | 1 |  1.0
Stealth        | |  0.2

Action                     |  1- 3 |  4- 6 |  7- 9 || total
---------------------------+-------+-------+-------++-------
  Melee: War axe           |    87 |   100 |    20 ||   207
 Invoke: Convert to Beogh  |       |     1 |       ||     1
    Use: Potion            |     1 |     1 |       ||     2
         Scroll            |       |     7 |       ||     7
 Armour: Scale mail        |    79 |    86 |    21 ||   186
  Dodge: Dodged            |    58 |    51 |    15 ||   124
  Block: Buckler           |    25 |    29 |     7 ||    61

Table legend: (Time is in decaauts)
 A = Elapsed time spent in this place.
 B = Non-inter-level travel time spent in this place.
 C = Inter-level travel time spent in this place.
 D = Time resting spent in this place.
 E = Time spent auto-exploring this place.
 F = Levels seen in this place.
 G = Mean time per level.
                   A        B        C        D        E       F      G
               +--------+--------+--------+--------+--------+-----+--------+
         Total |   3516 |   3280 |    236 |      0 |   2648 |   5 |  703.2 |
       Dungeon |   3516 |   3280 |    236 |      0 |   2648 |   5 |  703.2 |
               +--------+--------+--------+--------+--------+-----+--------+

Top non-repeatable levels by time:
     D:2: 1499 daAuts
     D:4: 818 daAuts
     D:1: 588 daAuts
     D:3: 442 daAuts
     D:5: 167 daAuts
